 Dungeon Crawl Stone Soup version 0.20-a0-991-g93344ec (webtiles) character file.

109 Rrauwl the Skirmisher (level 4, -1/39 HPs)
             Began as a Bultungin Abyssal Knight on Apr 11, 2017.
             Was a Believer of Lugonu.
             Slain by a leopard gecko (4 damage)
             ... on level 3 of the Dungeon.
             The game lasted 00:08:17 (2763 turns).

Rrauwl the Skirmisher (Bultungin Abyssal Knight)    Turns: 2763, Time: 00:08:17

Health: -1/39      AC:  4    Str:  9 (12) XL:     4   Next: 89%
Magic:  6/6        EV: 12    Int:  8 (12) God:    Lugonu [**....]
Gold:   173        SH:  0    Dex:  9 (13) Spells: 3/3 levels left

rFire    . . .     SeeInvis +   g - -3 blowgun (curse)
rCold    . . .     Gourm    .   (no shield)
rNeg     . . .     Faith    .   b - +0 leather armour
rPois    .         Spirit   .   (no helmet)
rElec    .         Reflect  .   (no cloak)
rCorr    .         Harm     .   (no gloves)
MR       .....     Clarity  +   p - +0 pair of boots
Stlth    +.........             (no amulet)
Regen    0.2/turn               q - ring of flight (curse)
MPRegen  0.1/turn               (no ring)

@: no status effects
A: short attention span, fangs 1, see invisible, clarity, deterioration 1,
strong nose
a: Depart the Abyss, Bend Space, Renounce Religion, Evoke Flight


You were on level 3 of the Dungeon.
You worshipped Lugonu.
Lugonu was pleased with you.
You were not hungry.

You visited 1 branch of the dungeon, and saw 3 of its levels.
You visited the Abyss 1 time.

You collected 173 gold pieces.

Inventory:

Hand Weapons
 a - a +2 whip of electrocution
 f - a +1 hand axe
 g - a cursed -3 blowgun (weapon)
Missiles
 i - 194 stones (quivered)
Armour
 b - a +0 leather armour (worn)
 p - a +0 pair of boots (worn)
 s - a +0 helmet
Jewellery
 q - a cursed ring of flight (left hand)
Scrolls
 h - a scroll of magic mapping
 o - a scroll of fog
Potions
 e - 3 potions of haste
 k - 2 potions of berserk rage
Comestibles
 c - 3 bread rations
 d - 2 meat rations
 j - 2 chunks of flesh


   Skills:
 + Level 5.4 Fighting
 - Level 3.0(3.5) Axes
 + Level 2.7(3.4) Maces & Flails
 + Level 4.0 Armour
 + Level 2.4 Dodging
 + Level 3.8 Invocations
 + Level 1.3 Evocations


You had 3 spell levels left.
You didn't know any spells.

Dungeon Overview and Level Annotations

Branches:
Dungeon (3/15)

Altars:
Fedhas
Nemelex Xobeh

Annotations:
D:2 exclusion: oklob plant


Innate Abilities, Weirdness & Mutations

You have a short attention span.
You have very sharp teeth.
You have supernaturally acute eyesight. (SInv)
Your uncanny sense of smell can sniff out nearby items.
You possess an exceptional clarity of mind.
Your body sometimes deteriorates upon taking damage.


Message History

The leopard gecko bites you but does no damage.
You clumsily bash the leopard gecko but do no damage.
The leopard gecko closely misses you. The leopard gecko bites you.
You closely miss the leopard gecko.
You bite the leopard gecko, but do no damage.
The leopard gecko bites you.
* * * LOW HITPOINT WARNING * * *
Your body deteriorates!
You feel clumsy. The leopard gecko barely misses you.
You clumsily bash the leopard gecko but do no damage.
The leopard gecko bites you.
* * * LOW HITPOINT WARNING * * *
You clumsily bash the leopard gecko but do no damage.
The leopard gecko bites you.
* * * LOW HITPOINT WARNING * * *
The leopard gecko bites you.
* * * LOW HITPOINT WARNING * * *
You closely miss the leopard gecko. The leopard gecko misses you. x2
You miss the leopard gecko. The leopard gecko bites you.
You die...

## ###.#.#
.##...#.#
..#.###.# ###
#.#.# .# #..
#.#.# ...#
###.#(# #
#####.....#
#.....#(###
#.@l...(#
########.รท#
........#..#
#######.#.....
#).....##
##......#
##......#
..##..... .##
.....


You could see a leopard gecko.

Vanquished Creatures
  5 adders
  A worm (D:2)
  A dart slug (D:2)
  2 leopard geckos
  10 giant cockroaches
  7 goblins
  5 hobgoblins
  3 quokkas
  A ball python (D:1)
  3 bats
  A frilled lizard (D:2)
  9 kobolds
  7 rats
55 creatures vanquished.

Notes
Turn   | Place    | Note
-------+----------+-------------------------------------------
     0 | Abyss:1  | Rrauwl the Bultungin Abyssal Knight began the quest for the Orb.
     0 | Abyss:1  | Reached XP level 1. HP: 20/20 MP: 2/2
   106 | Abyss:1  | Noticed a small abomination
   120 | Abyss:2  | Noticed a tentacled starspawn
   122 | Abyss:2  | Noticed a thrashing horror
   124 | D:1      | Escaped the Abyss
   298 | D:1      | Reached skill level 1 in Maces & Flails
   322 | D:1      | Reached * piety under Lugonu
   322 | D:1      | Reached XP level 2. HP: 22/26 MP: 4/4
   605 | D:1      | Reached XP level 3. HP: 32/32 MP: 5/5
   921 | D:2      | Found a sparkling altar of Nemelex Xobeh.
   962 | D:2      | Found a blossoming altar of Fedhas.
  1000 | D:2      | Noticed an oklob plant
  1098 | D:2      | Reached skill level 5 in Fighting
  1153 | D:2      | Reached XP level 4. HP: 37/39 MP: 6/6
  1224 | D:2      | Reached ** piety under Lugonu
  2128 | D:3      | Reached skill level 1 in Evocations
  2607 | D:3      | Gained mutation: Your body sometimes deteriorates upon taking damage. [potion of mutation]
  2607 | D:3      | Gained mutation: You possess an exceptional clarity of mind. [potion of mutation]
  2763 | D:3      | Slain by a leopard gecko

Vault maps used:
D:1:      moated_graveyard_arrival
D:2:      minmay_roachtagon, overflow_temple_1_default, tgw_fedhas
D:3:      lemuel_crystal_altar

Skill      XL: |  1  2  3  4 |
---------------+-------------+-----
Maces & Flails | 1 2 |  2.7
Dodging        | 2 |  2.4
Invocations    | 3 |  3.8
Fighting       | 5 |  5.4
Evocations     | 1 |  1.3
Armour         | 4 |  4.0
Axes           | |  3.0

Action                   |  1- 3 |  4- 6 || total
-------------------------+-------+-------++-------
Melee: Whip              |    78 |    55 ||   133
       Bite              |     6 |     5 ||    11
       Blowgun           |       |    35 ||    35
 Fire: Blowgun           |       |    18 ||    18
Throw: Stone             |       |    25 ||    25
Invok: Depart the Abyss  |     1 |       ||     1
  Use: Scroll            |     6 |       ||     6
       Potion            |       |     4 ||     4
  Eat: Chunk             |     1 |     3 ||     4
       Royal jelly       |       |     1 ||     1
Armor: Leather armour    |    19 |    23 ||    42
Dodge: Dodged            |    32 |    88 ||   120
